 Dungeon Crawl Stone Soup version 0.29-a0-575-g0dc89cf053 (webtiles) character file.

Game seed: 10707085938088515281

1 xian the Sneak (level 1, 0/14 HPs)
             Began as a Draconian Enchanter on June 12, 2022.
             Slain by a goblin
             ... wielding a +0 club
              (4 damage)
             ... on level 1 of the Dungeon.
             The game lasted 00:00:15 (133 turns).

xian the Sneak (Draconian Enchanter)                 Turns: 133, Time: 00:00:16

Health: 0/14       AC:  4    Str: 10    XL:     1   Next: 16%
Magic:  3/3        EV: 12    Int: 15    God:
Gold:   19         SH:  0    Dex: 11    Spells: 4/4 levels left

rFire   . . .      SeeInvis .   a - +1 dagger
rCold   . . .      Faith    .   (no shield)
rNeg    . . .      Spirit   .   (body armour unavailable)
rPois   .          Reflect  .   (helmet restricted)
rElec   .          Harm     .   (no cloak)
rCorr   .          Rampage  .   (no gloves)
Will    .....                   (no boots)
Stlth   ++........              (no amulet)
HPRegen 0.04/turn               (no ring)
MPRegen 0.08/turn               (no ring)

@: slowed, very slow
A: AC +4, unfitting armour, cold-blooded
a: no special abilities


You were on level 1 of the Dungeon.
You visited 1 branch of the dungeon, and saw 1 of its levels.

You collected 19 gold pieces.

Inventory:

Hand Weapons
 a - a +1 dagger (weapon)
Scrolls
 d - a scroll of identify {unknown}
Potions
 b - 2 potions of invisibility
 c - a potion of degeneration {unknown}


   Skills:
 + Level 1.0 Short Blades
 + Level 1.7 Dodging
 + Level 2.8 Stealth
 + Level 2.0 Spellcasting
 + Level 2.6 Hexes


You had 4 spell levels left.
You didn't know any spells.
Your spell library contained the following spells:

 Spells                   Type           Power      Damage    Failure   Level
 Ensorcelled Hibernation  Hex/Ice        10%        N/A       19%         2
 Confusing Touch          Hex            9%         N/A       22%         3
 Tukima's Dance           Hex            9%         N/A       22%         3
 Dazzling Flash           Conj/Hex       10%        N/A       36%         3


Dungeon Overview and Level Annotations

Branches:
Dungeon (1/15)

Altars:


Innate Abilities, Weirdness & Mutations

Your plain brown scales are hard. (AC +4)
You cannot fit into any form of body armour.
You are cold-blooded and may be slowed by cold attacks.


Message History

You now have 11 gold pieces.
c - a glowing white potion You now have 19 gold pieces (gained 8).
You see here 10 stones.
A ball python comes into view.
Found a scroll labelled OWKOMO QESO.
The ball python bites you but does no damage.
The ball python grabs you. The ball python constricts you.
You closely miss the ball python. The ball python bites you.
The ball python constricts you.
You hit the ball python.
You kill the ball python!
You see here a ball python corpse.
HP restored.
d - a scroll labelled OWKOMO QESO
As you read the scroll labelled OWKOMO QESO, it crumbles to dust.
It is a scroll of amnesia.
You feel forgetful for a moment.
d - a scroll labelled SITIDW XUSMIM An endoplasm and a goblin come into view.
The endoplasm quivers.
You hit the endoplasm.
The endoplasm is moderately wounded.
The goblin shouts!
You hit the endoplasm but do no damage.
The endoplasm is moderately wounded.
The endoplasm freezes you.
You are frozen.
You feel yourself slow down.
You hit the endoplasm.
Your tail-slap misses the endoplasm.
The endoplasm is severely wounded.
The endoplasm freezes you.
You are frozen.
You feel as though you will be slow longer.
The endoplasm freezes you.
You are frozen.
* * * LOW HITPOINT WARNING * * *
You hit the endoplasm.
The endoplasm is almost dead.
The goblin hits you with a +0 club.
You die...

##.....## .......#
.......# .......#
##.....## ####
#.......##
#..######.J......#
#......##.@g.....#
##...#............
##..###..#...##.#
#....#.######
#.#..#.#
#....#.#######
##...........#
##..........# #
##.........#.#


You could see an endoplasm and a goblin.

Vanquished Creatures
  A ball python (D:1)
1 creature vanquished.

Notes
Turn   | Place    | Note
-------+----------+-------------------------------------------
     0 | D:1      | xian the Draconian Enchanter began the quest for the Orb.
     0 | D:1      | Reached XP level 1. HP: 14/14 MP: 3/3
   133 | D:1      | Slain by a goblin

Illustrated notes

Levels and vault maps discovered:
D:1:      roderic_chinese_lattice_arrival, layout_rooms

Action                   || total
-------------------------++-------
Melee: Dagger            ||     6
  Use: Scroll            ||     1
Armor: Skin              ||     1

Table legend: (Time is in decaauts)
 A = Elapsed time spent in this place.
 B = Non-inter-level travel time spent in this place.
 C = Inter-level travel time spent in this place.
 D = Time resting spent in this place.
 E = Time spent auto-exploring this place.
 F = Levels seen in this place.
 G = Mean time per level.
                   A        B        C        D        E       F      G
               +--------+--------+--------+--------+--------+-----+--------+
         Total |    133 |    133 |      0 |      0 |    110 |   1 |  133.0 |
       Dungeon |    133 |    133 |      0 |      0 |    110 |   1 |  133.0 |
               +--------+--------+--------+--------+--------+-----+--------+

Top non-repeatable levels by time:
     D:1: 133 daAuts
